cohdb
Replays
Latest Replays
All Replays
Popular Replays
Top Player Replays
Match Explorer
How It Works
Community
CoH3 Stats
Reddit
Sign in to upload your games and track your stats! →
Sign in with Steam
Match 44583585
Unlisted
Match 44583585
Overview
Messages
Build Orders
End
Panzergrenadier Squad
250 Light Carrier
Panzergrenadier Squad
Construct Light Support Kompanie
MG34 Team
Selects Armored Support Battlegroup
Selects Superior Fire Drills
2.5-tonne Medical Truck
Combat Half-tracks
Panzerpioneer Squad
Fire Support Elements
le.IG 18 Mechanized Group
Flakvierling Half-track
Construct Panzerarmee Kommand
GodlySn4ke
moemoe
Jeremy
JT
[EPIC]SAGEKING
[QSA] Aerocrastic
Lero
Alekel
0
0
Comments
sign in to comment!
No comments posted yet!